 Dungeon Crawl Stone Soup version 0.23.2-1-ga50397a (webtiles) character file.

Game seed: 17428560843203054764

1957 PaladinM the Carver (level 9, -8/61 HPs)
             Began as a Human Warper on June 2, 2019.
             Was a Follower of the Shining One.
             Mangled by a killer bee (10 damage)
             ... on level 8 of the Dungeon.
             The game lasted 00:35:43 (10191 turns).

PaladinM the Carver (Human Warper)                 Turns: 10191, Time: 00:35:44

Health: -8/61      AC: 10    Str: 12    XL:     9   Next: 42%
Magic:  5/12       EV: 11    Int: 13    God:    the Shining One [*.....]
Gold:   188        SH:  0    Dex: 20    Spells: 5/12 levels left

rFire    x . .     SeeInvis .   a - +0 falchion
rCold    . . .     Gourm    .   (no shield)
rNeg     . . .     Faith    .   w - +3 ring mail of Impressiveness {+Fly rC- Dex+4}
rPois    .         Spirit   .   (no helmet)
rElec    .         Reflect  .   q - +0 cloak
rCorr    .         Harm     .   (no gloves)
MR       .....                  o - +0 pair of boots (curse)
Stlth    +.........             (no amulet)
HPRegen  0.20/turn              t - ring of ice
MPRegen  0.13/turn              (no ring)

@: lethally poisoned (-8 -> -13), very slightly contaminated, glowing
A: no striking features
a: Renounce Religion, Evoke Flight


You were on level 8 of the Dungeon.
You worshipped the Shining One.
The Shining One was aware of your devotion.
You were hungry.

You visited 2 branches of the dungeon, and saw 9 of its levels.

You collected 284 gold pieces.
You spent 96 gold pieces at shops.

Inventory:

Hand Weapons
 a - a +0 falchion (weapon)
Missiles
 e - 5 tomahawks of dispersal (quivered)
Armour
 b - a +0 leather armour
 o - a cursed +0 pair of boots (worn)
 q - a +0 cloak (worn)
 w - the +3 ring mail of Impressiveness (worn) {+Fly rC- Dex+4}
   (You found it on level 6 of the Dungeon)

   It affects your dexterity (+4).
   It makes you vulnerable to cold.
   It lets you fly.
Jewellery
 t - a ring of ice (left hand)
 x - an uncursed ring of fire
Scrolls
 i - 5 scrolls of teleportation
 s - 2 scrolls of immolation
 u - 3 scrolls of magic mapping
 v - a scroll of enchant armour {unknown}
 z - a scroll of fear {unknown}
 B - a scroll of holy word
Potions
 c - a potion of magic
 g - a potion of ambrosia {unknown}
 h - 3 potions of flight
 j - a potion of cancellation
 k - 2 potions of brilliance
 l - a potion of berserk rage {unknown}
 n - a potion of haste {unknown}
 r - a potion of resistance {unknown}
Comestibles
 f - 4 rations


   Skills:
 - Level 2.0 Fighting
 + Level 11.6 Long Blades
 - Level 1.0 Throwing
 - Level 1.0 Armour
 - Level 2.0 Dodging
 - Level 2.0 Spellcasting
 - Level 3.0 Translocations


You had 5 spell levels left.
You knew the following spells:

 Your Spells              Type           Power        Failure   Level  Hunger
a - Shroud of Golubria    Chrm/Tloc      #.........   43%         2    ###....
b - Blink                 Tloc           N/A          26%         2    ###....
c - Teleport Other        Tloc           #.......     45%         3    ####...

Your spell library contained the following spells:

 Spells                   Type           Power        Failure   Level  Hunger
 Gell's Gravitas          Tloc           #.........   45%         3    ####...
 Lesser Beckoning         Tloc           #.........   45%         3    ####...
 Freeze                   Ice            #...         50%         1    ##.....
 Throw Frost              Conj/Ice       #.....       65%         2    ###....
 Ozocubu's Armour         Chrm/Ice       #.......     86%         3    ####...
 Passage of Golubria      Tloc           N/A          86%         4    #####..
 Summon Ice Beast         Ice/Summ       #.......     99%         4    #####..
 Throw Icicle             Conj/Ice       #.......     99%         4    #####..


Dungeon Overview and Level Annotations

Branches:
Dungeon (8/15)             Temple (1/1) D:6
   Lair: D:8-11

Altars:
Ashenzari
Cheibriados
Dithmenos
Elyvilon
Fedhas
Gozag
Hepliaklqana
Kikubaaqudgha
Makhleb
Nemelex Xobeh
Okawaru
Qazlal
Ru
Sif Muna
Uskayaw
Vehumet
Wu Jian
Yredelemnul
The Shining One

Shops:
D:7 *

Annotations:
D:5 bmj180's ghost, novice HOAK


Message History

* * * LOW HITPOINT WARNING * * *
You feel better. The killer bee barely misses you.
You riposte.
You hit the killer bee.
The killer bee is lightly wounded.
The killer bee closely misses you. The killer bee stings you.
* * * LOW HITPOINT WARNING * * *
The queen bee stings you! The Shining One protects you from harm!
Casting: Shroud of Golubria (safe; 43% risk of failure)
Confirm with . or Enter, or press ? or * to list all spells.
You blink.
The killer bee stings you.
* * * LOW HITPOINT WARNING * * *
The killer bee misses you. The killer bee stings you.
* * * LOW HITPOINT WARNING * * *
You are lethally poisoned!
The killer bee poisons you!
* * * LOW HITPOINT WARNING * * *
You feel sick. The killer bee stings you!
You die...

........####.........####
...........#........y#
.........#.#.........#
.........#.#.........#
..#####....#.........#
...####....#.........#
...........+.........#
..........##....y....#
..........##...[@....#
.#####.....####.....##
.........####.###.######
............##.###.##...#
..........#.#....#.##.#
..........#.#..#.#.÷..#
..........#.#y.#y######
............#?.#.††.#
..............####.#


You could see a queen bee and 2 killer bees.

Vanquished Creatures
  Sigmund (D:6)
  An ice beast (D:6)
  A phantom (D:4)
  2 sky beasts
  2 centaurs
  2 bullfrogs
  A scorpion (D:6)
  10 killer bees (D:8)
  2 howler monkeys
  A quasit (D:5)
  A hound (D:6)
  An orc priest (D:3)
  5 orc wizards
  2 iguanas
  A worker ant (D:6)
  A worker ant zombie (D:5)
  10 adders
  A river rat (D:4)
  2 shadow imps (D:6)
  An ooze (D:1)
  6 worms
  3 dart slugs
  5 leopard geckos
  23 orcs
  A ball python (D:3)
  7 bats
  6 giant cockroaches
  6 goblins
  5 hobgoblins
  8 jackals
  2 quokkas
  5 frilled lizards
  11 kobolds
  A leopard gecko skeleton (D:6)
  11 rats
148 creatures vanquished.

Notes
Turn   | Place    | Note
-------+----------+-------------------------------------------
     0 | D:1      | PaladinM the Human Warper began the quest for the Orb.
     0 | D:1      | Reached XP level 1. HP: 16/16 MP: 3/3
    71 | D:1      | Reached XP level 2. HP: 17/22 MP: 5/5
   159 | D:1      | Reached skill level 3 in Long Blades
   215 | D:1      | Learned a level 2 spell: Shroud of Golubria
   218 | D:1      | Learned a level 2 spell: Blink
   707 | D:1      | Reached XP level 3. HP: 27/27 MP: 6/6
   966 | D:2      | Found a sparkling altar of Nemelex Xobeh.
  1204 | D:2      | Reached skill level 4 in Long Blades
  1204 | D:2      | Reached XP level 4. HP: 12/33 MP: 1/7
  1643 | D:2      | HP: 1/33 [worm (5)]
  2493 | D:2      | Found a snail-covered altar of Cheibriados.
  2514 | D:2      | Found a shadowy altar of Dithmenos.
  2671 | D:3      | Reached skill level 5 in Long Blades
  2671 | D:3      | Reached XP level 5. HP: 11/38 MP: 4/8
  3446 | D:3      | Reached XP level 6. HP: 24/44 MP: 9/9
  4270 | D:4      | Reached skill level 6 in Long Blades
  4305 | D:4      | Noticed a phantom
  4353 | D:4      | Killed a phantom
  4405 | D:4      | Found a basalt altar of Yredelemnul.
  4407 | D:4      | Noticed a profane servitor
  4442 | D:4      | Found a glowing golden altar of the Shining One.
  4444 | D:4      | Noticed an angel
  4449 | D:4      | Became a worshipper of the Shining One
  4466 | D:4      | Found an iron altar of Okawaru.
  4732 | D:5      | Entered Level 5 of the Dungeon
  4792 | D:5      | Reached skill level 7 in Long Blades
  4792 | D:5      | Reached XP level 7. HP: 15/50 MP: 10/10
  5515 | D:4      | Reached skill level 8 in Long Blades
  6014 | D:5      | Found a runed translucent door.
  6019 | D:5      | Noticed bmj180's ghost (novice HOAK)
  6026 | D:5      | Reached XP level 8. HP: 56/56 MP: 8/11
  6266 | D:5      | Found a runed translucent door.
  6939 | D:6      | Found a white marble altar of Elyvilon.
  6945 | D:6      | Noticed Sigmund
  7074 | D:6      | Found an ornate altar of the Wu Jian Council.
  7076 | D:6      | Found a blossoming altar of Fedhas.
  7076 | D:6      | Found a hazy altar of Hepliaklqana.
  7111 | D:6      | Reached skill level 9 in Long Blades
  7684 | D:6      | Found a staircase to the Ecumenical Temple.
  7694 | Temple   | Entered the Ecumenical Temple
  7920 | D:6      | Killed Sigmund
  7941 | D:6      | Reached skill level 10 in Long Blades
  8038 | D:6      | Reached * piety under the Shining One
  8042 | D:6      | Got a shimmering ring mail
  8053 | D:6      | Identified the +3 ring mail of Impressiveness {+Fly rC-
                  | Dex+4} (You found it on level 6 of the Dungeon)
  8058 | D:6      | Learned a level 3 spell: Teleport Other
  8385 | D:7      | Found Tuor's General Store.
  8393 | D:7      | Bought a scroll of identify for 24 gold pieces
  8393 | D:7      | Bought a scroll of teleportation for 36 gold pieces
  8393 | D:7      | Bought a scroll of random uselessness for 12 gold pieces
  8393 | D:7      | Bought a scroll of identify for 24 gold pieces
  8941 | D:7      | Reached XP level 9. HP: 44/61 MP: 6/12
  9237 | D:7      | HP: 2/61 [ogre/+0 giant spiked club (15)]
  9706 | D:8      | Reached skill level 11 in Long Blades
  9897 | D:8      | Noticed a queen bee
 10185 | D:8      | HP: 1/61 [killer bee (11)]
 10187 | D:8      | The Shining One protects you from harm!
 10190 | D:8      | HP: 3/61 [killer bee (1)]
 10191 | D:8      | Mangled by a killer bee

Skill      XL: |  1  2  3  4  5  6  7  8  9 |
---------------+----------------------------+-----
Long Blades    | 3 4 5 7 8 10 11 | 11.6
Fighting       | |  2.0
Throwing       | |  1.0
Armour         | |  1.0
Dodging        | |  2.0
Spellcasting   | |  2.0
Translocations | |  3.0

Action                   |  1- 3 |  4- 6 |  7- 9 || total
-------------------------+-------+-------+-------++-------
Melee: Falchion          |   137 |   341 |   397 ||   875
 Cast: Shroud of Golubri |     2 |    16 |    28 ||    46
       Blink             |       |       |    11 ||    11
       Teleport Other    |       |       |     2 ||     2
  Use: Potion            |       |     2 |     6 ||     8
       Scroll            |       |       |    10 ||    10
  Eat: Chunk             |     1 |    12 |     4 ||    17
       Ration            |       |     1 |     5 ||     6
Armor: Leather armour    |    40 |    79 |    87 ||   206
       Ring mail         |       |       |    81 ||    81
Dodge: Dodged            |   103 |   186 |   251 ||   540
       Rpst.: Falchion   |    32 |    51 |    85 ||   168
